 Dungeon Crawl Stone Soup version 0.18.1-48-g4cf74bf (webtiles) character file.

9310 Gargoyl the Protected (level 11, -7/84 HPs)
             Began as a Demonspawn Abyssal Knight on Aug 31, 2016.
             Was a High Priest of Lugonu.
             Killed by divine providence
             ... invoked by an orc priest
              (14 damage)
             ... on level 1 of the Orcish Mines.
             The game lasted 00:19:24 (10212 turns).

Gargoyl the Protected (Demonspawn Abyssal Knight)  Turns: 10212, Time: 00:19:25

Health: -7/84      AC: 24    Str: 15    XL:     11   Next: 21%
Magic:  12/12      EV: 12    Int: 14    God:    Lugonu [*****.]
Gold:   836        SH:  9    Dex: 18    Spells: 0 memorised, 10 levels left

rFire  + + .     SeeInvis .     k - +6 mace of Itojuh {crush, *Contam +Fly rElec rF++}
rCold  . . .     Gourm    .     E - +0 plate armour
rNeg   . . .     Faith    .     j - +0 buckler
rPois  .         Spirit   .     m - +0 helmet
rElec  +         Dismiss  .     l - +1 cloak
rCorr  .         Reflect  .     (no gloves)
SustAt .         Harm     .     (no boots)
MR     +....     Rnd*Rage +     (no amulet)
Stlth  ..........               (no ring)
                                v - +2 ring of protection

@: agile, somewhat resistant to hostile enchantments, extremely unstealthy
A: claws 1, large bone plates 2, berserk 1, blurry vision 1, magic resistance 1,
powered by pain 1, shaggy fur 1, spiny 3
a: Depart the Abyss, Bend Space, Banish, Corrupt, Enter the Abyss, Renounce
Religion, Evoke Flight


You were on level 1 of the Orcish Mines.
You worshipped Lugonu.
Lugonu was extremely pleased with you.
You were not hungry.

You visited 2 branches of the dungeon, and saw 11 of its levels.
You visited the Abyss 1 time.

You collected 836 gold pieces.

Inventory:

Hand Weapons
 k - the +6 mace of Itojuh (weapon) {crush, *Contam +Fly rElec rF++}
   (You found it on level 10 of the Dungeon)

   It inflicts extra damage upon your enemies.
   It greatly protects you from fire.
   It insulates you from electricity.
   It lets you fly.
   It causes magical contamination when unequipped.
 s - a +2 war axe
 G - a +0 spear of venom
Missiles
 r - 5 javelins (quivered)
Armour
 j - a +0 buckler (worn)
 l - a +1 cloak (worn)
 m - a +0 helmet (worn)
 E - a +0 plate armour (worn)
Jewellery
 v - a +2 ring of protection (left claw)
 y - an uncursed ring of fire {unknown}
Wands
 K - a wand of iceblast (7/15)
 N - a wand of iceblast (15/15)
Scrolls
 g - 15 scrolls of identify
 h - 3 scrolls of recharging
 n - a scroll of fog
 p - 5 scrolls of remove curse
 C - 2 scrolls of magic mapping
Potions
 d - a potion of degeneration {unknown}
 f - a potion of magic {unknown}
 i - a potion of mutation {unknown}
 o - a potion of curing
 q - 2 potions of flight {unknown}
 t - 2 potions of might {unknown}
 z - 3 potions of agility {unknown}
 A - 3 potions of cure mutation {unknown}
 F - 2 potions of lignification {unknown}
 J - a potion of ambrosia {unknown}
 M - 2 potions of cancellation {unknown}
 O - a potion of haste {unknown}
 Q - a potion of resistance {unknown}
 R - a potion of berserk rage {unknown}
 U - a potion of beneficial mutation {unknown}
Books
 a - a Necronomicon

   Spells                             Type                      Level
   a - Haunt                          Necromancy/Summoning         7
   b - Borgnjor's Revivification      Necromancy                   8
   c - Death's Door                   Charms/Necromancy            8
   d - Necromutation                  Transmutation/Necromancy     8
 b - a book of Flames

   Spells                             Type                      Level
   a - Flame Tongue                   Conjuration/Fire             1
   b - Throw Flame                    Conjuration/Fire             2
   c - Conjure Flame                  Conjuration/Fire             3
   d - Inner Flame                    Hexes/Fire                   3
   e - Sticky Flame                   Conjuration/Fire             4
   f - Fireball                       Conjuration/Fire             5
 u - a book of Cantrips

   Spells                             Type                      Level
   a - Corona                         Hexes                        1
   b - Animate Skeleton               Necromancy                   1
   c - Summon Small Mammal            Summoning                    1
   d - Apportation                    Translocation                1
Comestibles
 c - 7 bread rations
 x - 4 meat rations
 B - a chunk of flesh
 D - 6 fruits
 H - 2 slices of pizza
 P - 6 beef jerkies


   Skills:
 + Level 7.5 Fighting
 + Level 6.8 Axes
 + Level 0.1(4.1) Maces & Flails
 + Level 0.6 Throwing
 * Level 10.6 Armour
 + Level 5.0 Dodging
 + Level 1.0 Stealth
 + Level 6.0 Shields
 + Level 2.6 Invocations


You had 10 spell levels left.
You didn't know any spells.

Dungeon Overview and Level Annotations

Branches:
Dungeon (10/15)            Temple (0/1) D:5            Lair (0/8) D:10
    Orc (1/2) D:10

Altars:
Gozag
Kikubaaqudgha
Pakellas
Trog
The Shining One

Shops:
D:7 %   Orc:1 !

Portals:
Trove: D:10 (give potion of experience)

Annotations:
Abyss:1 Snorg


Innate Abilities, Weirdness & Mutations

You have sharp fingernails.
You are mostly covered in large bone plates (AC +3, SH +3).
You sometimes gain a little power by taking damage.
You are completely covered in sharp spines.
You tend to lose your temper in combat.
Scrolls take you a little longer to read.
You are resistant to hostile enchantments.
You are covered in fur (AC +1).


Message History

* * * LOW HITPOINT WARNING * * *
You focus on the pain.
You feel your power returning.
The orc wizard is struck by your spines.
You kill the orc wizard!
Lugonu accepts your kill.
The ice devil hits you but does no damage.
Drink which item? (? for menu, Esc to quit)
You feel better.
The ice devil hits you but does no damage.
The orange demon completely misses you.
The orc wizard mumbles some strange words.
The orc wizard seems to speed up.
The orc priest calls down the wrath of Beogh upon you.
You easily resist.
The orc high priest calls down the wrath of Beogh upon you.
Beogh smites you!
* * * LOW HITPOINT WARNING * * *
The orc priest calls down the wrath of Beogh upon you.
Beogh smites you!
You die...

...###.
...#...
.......
........
........
.......###
#......@###
###.....#.#
##..4#.## ..
##..o....#
.>##...4o#.##
.......4.###
$....##.o##
.......o..#
........o.#


You could see an orc high priest, an orange demon, an ice devil, a rust devil,
an orc priest, an orc wizard and an orc.

Vanquished Creatures
  A centaur warrior (D:10)
  The ghost of Kloppie the Cleaver, a novice HOBe of Trog (D:7)
  Joseph (D:7)
  The ghost of Gargoyl the Covered, a novice DsAK of Lugonu (D:5)
  A komodo dragon (D:10)
  A redback (shapeshifter) (D:9)
  4 yaks
  3 water moccasins
  2 sky beasts
  6 orc warriors
  6 ice beasts
  4 phantoms
  The ghost of Gargoyl the Skirmisher, an amateur DsAK of Lugonu (D:3)
  A necrophage (D:5)
  5 ogres
  6 centaurs
  3 giant frogs
  5 scorpions
  3 killer bees (D:7)
  13 wights
  2 howler monkeys
  4 crimson imps
  A giant frog zombie (D:9)
  2 quasits (D:7)
  10 orc priests
  7 hounds
  2 jellies
  8 orc wizards
  Crazy Yiuf (D:2)
  2 iguanas
  4 giant frog skeletons
  4 worker ants
  A hound zombie (D:9)
  A howler monkey zombie (D:8)
  2 worker ant zombies
  Robin (D:2)
  11 gnolls
  8 adders
  A howler monkey skeleton (D:7)
  2 shadow imps
  2 oozes
  2 adder skeletons
  3 worms
  2 dart slugs (D:2)
  6 giant geckos
  55 orcs
  A ball python (D:3)
  8 bats
  4 giant cockroaches
  17 goblins
  8 hobgoblins
  4 jackals
  7 quokkas
  2 giant gecko skeletons
  2 giant gecko zombies
  4 giant newts
  7 kobolds
  A quokka zombie (D:5)
  3 rats (D:1)
280 creatures vanquished.

Vanquished Creatures (others)
  A goblin (D:2)
1 creature vanquished.

Grand Total: 281 creatures vanquished

Notes
Turn   | Place    | Note
--------------------------------------------------------------
     0 | Abyss:1  | Gargoyl the Demonspawn Abyssal Knight began the quest for the Orb.
     0 | Abyss:1  | Reached XP level 1. HP: 18/18 MP: 2/2
   133 | Abyss:3  | Noticed a smoke demon
   140 | Abyss:3  | Noticed a blink frog
   140 | Abyss:3  | Noticed a blink frog
   140 | Abyss:3  | Noticed a blink frog
   142 | Abyss:3  | Noticed a blink frog
   142 | D:1      | Escaped the Abyss
   368 | D:1      | Reached * piety under Lugonu
   380 | D:1      | Reached skill level 2 in Armour
   428 | D:1      | Gained mutation: You are partially covered in large bone plates (AC +2, SH +2). [demonic ancestry]
   428 | D:1      | Reached XP level 2. HP: 21/24 MP: 3/3
   462 | D:1      | Reached skill level 1 in Dodging
  1180 | D:2      | Gained mutation: You are partially covered in sharp spines. [demonic ancestry]
  1180 | D:2      | Reached XP level 3. HP: 15/29 MP: 4/4
  1420 | D:2      | Noticed Crazy Yiuf
  1429 | D:2      | Killed Crazy Yiuf
  1693 | D:2      | Gained mutation: You are mostly covered in large bone plates (AC +3, SH +3). [demonic ancestry]
  1693 | D:2      | Reached XP level 4. HP: 37/37 MP: 5/5
  1878 | D:2      | Found an oddly glowing altar of Pakellas.
  1888 | D:2      | Noticed Robin
  1894 | D:2      | Reached ** piety under Lugonu
  1896 | D:2      | Reached skill level 3 in Armour
  1898 | D:2      | Killed Robin
  2130 | D:2      | Found a glowing golden altar of the Shining One.
  2321 | D:2      | Gained mutation: You are mostly covered in sharp spines. [demonic ancestry]
  2321 | D:2      | Reached XP level 5. HP: 42/42 MP: 6/6
  2479 | D:3      | Found an ancient bone altar of Kikubaaqudgha.
  2508 | D:3      | Noticed Gargoyl's ghost (amateur DsAK)
  2519 | D:3      | Killed Gargoyl's ghost
  2519 | D:3      | Reached skill level 1 in Shields
  2634 | D:3      | You fall through a shaft!
  2640 | D:4      | Reached XP level 6. HP: 38/48 MP: 7/7
  2833 | D:4      | Reached skill level 4 in Armour
  3103 | D:3      | Gained mutation: You sometimes gain a little power by taking damage. [demonic ancestry]
  3103 | D:3      | Reached XP level 7. HP: 43/55 MP: 8/8
  3319 | D:3      | Reached *** piety under Lugonu
  3944 | D:5      | Entered Level 5 of the Dungeon
  4031 | D:5      | Reached skill level 5 in Armour
  4038 | D:5      | Reached skill level 5 in Fighting
  4291 | D:5      | Reached XP level 8. HP: 56/61 MP: 9/9
  4514 | D:5      | Found a staircase to the Ecumenical Temple.
  4572 | D:5      | Reached skill level 6 in Armour
  4648 | D:5      | Noticed Gargoyl's ghost (novice DsAK)
  4694 | D:5      | Killed Gargoyl's ghost
  4860 | D:5      | Reached skill level 7 in Armour
  5146 | D:5      | Gained mutation: You are covered in fur (AC +1). [mutagenic meat]
  5147 | D:5      | Gained mutation: Scrolls take you a little longer to read. [mutagenic meat]
  5148 | D:5      | Gained mutation: You are resistant to hostile enchantments. [mutagenic meat]
  5149 | D:5      | Gained mutation: You tend to lose your temper in combat. [mutagenic meat]
  5168 | D:5      | Reached XP level 9. HP: 67/67 MP: 10/10
  5230 | D:6      | Reached **** piety under Lugonu
  5323 | D:6      | Reached skill level 8 in Armour
  5576 | D:6      | Found an opulent altar of Gozag.
  5668 | D:7      | Noticed Kloppie's ghost (novice HOBe)
  5709 | D:7      | Reached skill level 5 in Axes
  5713 | D:7      | Killed Kloppie's ghost
  6051 | D:7      | Found Alui's Food Shoppe.
  6083 | D:7      | Gained mutation: You have sharp fingernails. [demonic ancestry]
  6083 | D:7      | Reached XP level 10. HP: 77/77 MP: 11/11
  6200 | D:7      | Reached skill level 9 in Armour
  6225 | D:7      | Noticed Joseph
  6266 | D:7      | Killed Joseph
  6598 | D:7      | Reached ***** piety under Lugonu
  7659 | D:9      | Reached skill level 5 in Shields
  7661 | D:9      | Reached skill level 5 in Dodging
  7772 | D:9      | Identified a scroll of acquirement
  8348 | D:9      | Reached skill level 10 in Armour
  8634 | D:9      | Found a bloodstained altar of Trog.
  8757 | D:10     | Entered Level 10 of the Dungeon
  8760 | D:10     | Found a staircase to the Lair.
  9187 | D:10     | Got a slimy mace
  9188 | D:10     | Reached skill level 1 in Stealth
  9192 | D:10     | Noticed a centaur warrior
  9202 | D:10     | Killed a centaur warrior
  9202 | D:10     | Gained mutation: You are completely covered in sharp spines. [demonic ancestry]
  9202 | D:10     | Reached XP level 11. HP: 52/84 MP: 12/12
  9217 | D:10     | Found a staircase to the Orcish Mines.
  9435 | D:10     | Identified the +6 mace of Itojuh {crush, *Contam +Fly rElec rF++} (You found it on level 10 of the Dungeon)
  9645 | D:10     | Found a portal to a secret trove of treasure.
 10173 | Orc:1    | Entered Level 1 of the Orcish Mines
 10186 | Orc:1    | Found Qiyneam's Distillery.
 10187 | Orc:1    | Noticed Snorg
 10190 | Orc:1    | Noticed an orc high priest
 10198 | Orc:1    | Banished Snorg
 10212 | Orc:1    | Killed from afar by an orc priest

Skill      XL: |  1  2  3  4  5  6  7  8  9 10 11 |
---------------+----------------------------------+-----
Armour         | 2 3 4 5 7 8 10 | 10.6
Dodging        | 1 2 3 4 5 |  5.0
Axes           | 2 3 4 5 6 |  6.8
Fighting       | 4 5 6 7 |  7.5
Shields        | 1 2 3 4 5 6 |  6.0
Stealth        | 1 |  1.0
Maces & Flails | |  0.1
Throwing       | |  0.6
Invocations    | |  2.6

Action                   |  1- 3 |  4- 6 |  7- 9 | 10-12 || total
-------------------------+-------+-------+-------+-------++-------
Melee: Hand axe          |    88 |    81 |   303 |   266 ||   738
       War axe           |       |       |       |    55 ||    55
       Mace              |       |       |       |    27 ||    27
Throw: Javelin           |       |     2 |     4 |       ||     6
Invok: Depart the Abyss  |     1 |       |       |       ||     1
       Banish            |       |       |       |     1 ||     1
  Use: Scroll            |       |       |     2 |    24 ||    26
       Potion            |       |       |     2 |     3 ||     5
  Eat: Chunk             |     3 |     2 |    16 |    15 ||    36
       Pizza             |       |     1 |       |       ||     1
Armor: Scale mail        |    35 |       |       |       ||    35
       Chain mail        |     8 |    54 |   140 |       ||   202
       Plate armour      |       |       |    43 |   188 ||   231
Dodge: Dodged            |    51 |    16 |    81 |    92 ||   240
Block: Other             |     5 |       |       |       ||     5
       Buckler           |     7 |    27 |    98 |   179 ||   311
